 Dungeon Crawl Stone Soup version 0.18.1-5-g4a78601 (webtiles) character file.

72 Screpiti the Skirmisher (level 4, -2/41 HPs)
             Began as a Minotaur Berserker on May 12, 2016.
             Was a Believer of Trog.
             Slain by a gnoll
             ... wielding a +0 halberd
              (11 damage)
             ... on level 2 of the Dungeon.
             The game lasted 00:04:05 (1135 turns).

Screpiti the Skirmisher (Minotaur Berserker)        Turns: 1135, Time: 00:04:06

Health: -2/41      AC:  8    Str: 22    XL:     4   Next: 7%
Magic:  3/3        EV: 10    Int:  4    God:    Trog [**....]
Gold:   50         SH:  0    Dex: 10    Spells: 0 memorised, 3 levels left

rFire  . . .     SeeInvis .     a - +0 falchion
rCold  . . .     Gourm    .     d - +0 scale mail
rNeg   . . .     Faith    .     (no shield)
rPois  .         Spirit   .     (helmet restricted)
rElec  .         Dismiss  .     k - +0 cloak
rCorr  .         Reflect  .     (no gloves)
SustAt .         Harm     .     (no boots)
MR     .....                    (no amulet)
Stlth  ..........               (no ring)
                                (no ring)

@: not resistant to hostile enchantments, extremely unstealthy
A: retaliatory headbutt, horns 2
a: Berserk, Trog's Hand, Burn Spellbooks, Renounce Religion


You were on level 2 of the Dungeon.
You worshipped Trog.
Trog was pleased with you.
You were not hungry.

You visited 1 branch of the dungeon, and saw 2 of its levels.

You collected 50 gold pieces.

Inventory:

Hand Weapons
 a - a +0 falchion (weapon)
Armour
 d - a +0 scale mail (worn)
 k - a +0 cloak (worn)
Scrolls
 i - a scroll of enchant weapon {unknown}
 j - a scroll of fog {unknown}
 l - 2 scrolls of identify {unknown}
 m - a scroll of magic mapping {unknown}
Potions
 e - 3 potions of heal wounds {unknown}
 g - a potion of curing {unknown}
 n - a potion of haste {unknown}
Comestibles
 b - 3 chunks of flesh
 c - 3 bread rations
 f - 5 fruits
 h - a meat ration


   Skills:
 + Level 4.6 Fighting
 * Level 4.5 Long Blades
 + Level 3.4 Armour
 + Level 2.2 Dodging


You had 3 spell levels left.
You didn't know any spells.

Dungeon Overview and Level Annotations

Branches:
Dungeon (2/15)

Altars:
Ashenzari
Dithmenos
Kikubaaqudgha
Okawaru
Pakellas
Sif Muna
Yredelemnul
Zin


Innate Abilities, Weirdness & Mutations

You reflexively headbutt those who attack you in melee.
You have a pair of horns on your head.


Message History

You kill the gnoll!
Trog accepts your kill.
You have reached level 4!
You feel agile.
The gnoll hits you from afar with a halberd!
The gnoll hits you with a halberd!
Things that are here:
a club; a gnoll corpse; a worm corpse You hit the gnoll.
Your headbutt misses the gnoll.
The gnoll is lightly wounded.
The gnoll hits you with a halberd.
* * * LOW HITPOINT WARNING * * *
You hit the gnoll but do no damage.
The gnoll is lightly wounded.
The gnoll hits you with a halberd.
* * * LOW HITPOINT WARNING * * *
You slash the gnoll!
The gnoll is severely wounded.
The gnoll hits you with a halberd!
You die...

#.# #.# #.#
#.[ #.# ###
###.#########
#............
#.#>#########
#.#.# #.#.#
### #@#.. #..
#g### #.# #.#
#.# #.# #.#
#.. #.# ###
#.# #.# #.#
#.#


You could see a gnoll.

Vanquished Creatures
  An adder (D:2)
  2 gnolls (D:2)
  2 worms (D:2)
  A dart slug (D:2)
  A giant gecko (D:1)
  A ball python (D:2)
  A giant cockroach (D:2)
  5 goblins
  4 hobgoblins (D:1)
  4 jackals (D:1)
  3 bats
  3 giant newts
  7 kobolds
  3 rats
38 creatures vanquished.

Notes
Turn   | Place    | Note
--------------------------------------------------------------
     0 | D:1      | Screpiti the Minotaur Berserker began the quest for the Orb.
     0 | D:1      | Reached XP level 1. HP: 19/19 MP: 0/0
   290 | D:1      | Reached XP level 2. HP: 27/27 MP: 1/1
   505 | D:1      | Reached ** piety under Trog
   702 | D:2      | Reached XP level 3. HP: 34/34 MP: 2/2
   799 | D:2      | Found a shadowy altar of Dithmenos.
   804 | D:2      | Found an oddly glowing altar of Pakellas.
   806 | D:2      | Found an ancient bone altar of Kikubaaqudgha.
   807 | D:2      | Found a shattered altar of Ashenzari.
   807 | D:2      | Found a deep blue altar of Sif Muna.
   808 | D:2      | Found a glowing silver altar of Zin.
   808 | D:2      | Found an iron altar of Okawaru.
   809 | D:2      | Found a basalt altar of Yredelemnul.
  1131 | D:2      | Reached XP level 4. HP: 30/41 MP: 3/3
  1135 | D:2      | Slain by a gnoll

Skill      XL: |  1  2 |
---------------+-------+-----
Fighting       | 4 |  4.6
Armour         | 3 |  3.4
Long Blades    | 4 |  4.5
Dodging        | |  2.2

Action                   |  1- 3 |  4- 6 || total
-------------------------+-------+-------++-------
Melee: Falchion          |    79 |     3 ||    82
       Headbutt          |     8 |       ||     8
  Eat: Chunk             |     1 |       ||     1
Armor: Scale mail        |    49 |       ||    49
Dodge: Dodged            |    59 |       ||    59
